 Dungeon Crawl Stone Soup version 0.21.1-1-g345015f (webtiles) character file.

23 Dfrag the Conjurer (level 3, -3/28 HPs)
             Began as a Naga Conjurer on Feb 11, 2018.
             Slain by a worm (6 damage)
             ... on level 2 of the Dungeon.
             The game lasted 00:01:09 (691 turns).

Dfrag the Conjurer (Naga Conjurer)                   Turns: 691, Time: 00:01:09

Health: -3/28      AC:  2    Str: 10    XL:     3   Next: 0%
Magic:  0/6        EV:  7    Int: 16    God:
Gold:   53         SH:  0    Dex: 14    Spells: 4/7 levels left

rFire    . . .     SeeInvis +   (no weapon)
rCold    . . .     Gourm    .   (no shield)
rNeg     . . .     Faith    .   a - +0 robe
rPois    +         Spirit   .   (no helmet)
rElec    .         Reflect  .   (no cloak)
rCorr    .         Harm     .   (no gloves)
MR       .....                  (no barding)
Stlth    ++........             (no amulet)
HPRegen  0.09/turn              j - -3 ring of evasion (curse)
MPRegen  0.10/turn              i - +3 ring of dexterity

@: very slow
A: large, see invisible, deformed body, poison resistance, slowness 2, slow
metabolism 1, spit poison 1, AC +1
a: Spit Poison


You were on level 2 of the Dungeon.
You were not hungry.

You visited 1 branch of the dungeon, and saw 2 of its levels.

You collected 53 gold pieces.

Inventory:

Armour
 a - a +0 robe (worn)
Jewellery
 i - a +3 ring of dexterity (right hand)
 j - a cursed -3 ring of evasion (left hand)
Scrolls
 d - 2 scrolls of identify {unknown}
 f - a scroll of remove curse {unknown}
 h - 3 scrolls of teleportation {unknown}
Potions
 e - a potion of curing {unknown}
 g - a potion of magic {unknown}
Books
 b - a book of Conjurations

   Spells                             Type                      Level
   a - Magic Dart                     Conjuration                  1
   b - Searing Ray                    Conjuration                  2
   c - Dazzling Spray                 Conjuration/Hexes            3
   d - Fulminant Prism                Conjuration/Hexes            4
   e - Force Lance                    Conjuration/Translocation    4
   f - Iskenderun's Mystic Blast      Conjuration                  4
Comestibles
 c - 2 rations


   Skills:
 - Level 1.5 Dodging
 - Level 3.0 Stealth
 + Level 2.6 Spellcasting
 + Level 4.4 Conjurations


You had 4 spell levels left.
You knew the following spells:

 Your Spells              Type           Power        Failure   Level  Hunger
a - Magic Dart            Conj           ###.         3%          1    #......
b - Searing Ray           Conj           ###...       4%          2    ##.....


Dungeon Overview and Level Annotations

Branches:
Dungeon (2/15)

Altars:


Innate Abilities, Weirdness & Mutations

You cannot wear boots.
Your serpentine skin is tough. (AC +1)
You have supernaturally acute eyesight. (SInv)
Armour fits poorly on your strangely shaped body.
Your system is resistant to poisons. (rPois)
You cover ground very slowly.
You have a slow metabolism.
You can spit poison.


Message History

Press: ? - help, Shift-Dir - straight line, f/p - worm
Aim: a worm (moderately wounded)
The magic dart hits the worm.
The worm is heavily wounded.
The hobgoblin shouts!
The kobold hits you with a short sword.
Casting: Magic Dart
Confirm with . or Enter, or press ? or * to list all spells.
Aiming: Magic Dart
Press: ? - help, Shift-Dir - straight line, f/p - worm
Aim: a worm (heavily wounded)
The magic dart hits the worm.
The worm is heavily wounded.
The worm bites you!
* * * LOW HITPOINT WARNING * * *
The kobold hits you with a short sword.
* * * LOW HITPOINT WARNING * * *
You have got your breath back.
The worm bites you.
You die...

#.....# # #.....#
.## ##.....#
..#####...†..#
######.##.........#
.=.##.#....#..).<#
#.#.....#########
##. #....##.#
.....##@......#
......wK...####
......r....#
....s.....##
..........#
...g..?...#
..........#
..........#
..........#


You could see a worm, a quokka, a giant cockroach, a hobgoblin and a kobold.

Vanquished Creatures
  A dart slug (D:1)
  A leopard gecko (D:1)
  2 giant cockroaches (D:1)
  A goblin (D:1)
  4 hobgoblins (D:1)
  2 kobolds (D:1)
  A ball python (D:2)
  2 bats (D:1)
  4 frilled lizards
  2 rats
20 creatures vanquished.

Notes
Turn   | Place    | Note
-------+----------+-------------------------------------------
     0 | D:1      | Dfrag the Naga Conjurer began the quest for the Orb.
     0 | D:1      | Reached XP level 1. HP: 15/15 MP: 3/3
    49 | D:1      | Reached XP level 2. HP: 16/22 MP: 0/5
   111 | D:1      | Learned a level 2 spell: Searing Ray
   685 | D:2      | Reached XP level 3. HP: 28/28 MP: 4/6
   691 | D:2      | Slain by a worm

Action                   || total
-------------------------++-------
Melee: Unarmed           ||     4
 Cast: Magic Dart        ||    19
 Abil: Spit Poison       ||    17
Armor: Robe              ||     1
Dodge: Dodged            ||     4
